 Dungeon Crawl Stone Soup version 0.27-a0-1384-g1422d76b99 (webtiles) character file.

Game seed: 8799440510280582053

169 Gwenloh the Grave Robber (level 5, -3/38 HPs)
             Began as a Human Necromancer on July 1, 2021.
             Killed by nerve-wracking pain
             ... invoked by Grinder
              (9 damage)
             ... on level 4 of the Dungeon.
             The game lasted 00:10:26 (3301 turns).

Gwenloh the Grave Robber (Human Necromancer)        Turns: 3301, Time: 00:10:27

Health: -3/38      AC:  6    Str:  8    XL:     5   Next: 79%
Magic:  9/9        EV: 12    Int: 17    God:
Gold:   134        SH:  0    Dex: 13    Spells: 1/9 levels left

rFire    . . .     SeeInvis .   a - +2 whip (venom)
rCold    . . .     Faith    .   (no shield)
rNeg     . . .     Spirit   .   c - +0 robe
rPois    .         Reflect  .   (no helmet)
rElec    .         Harm     .   t - +2 cloak
rCorr    .         Rampage  .   s - +0 pair of gloves
Will     .....                  (no boots)
Stlth    ++........             g - amulet of magic regeneration
HPRegen  0.12/turn              (no ring)
MPRegen  0.36/turn              (no ring)

@: no status effects
A: no striking features
a: no special abilities


You were on level 4 of the Dungeon.
You visited 1 branch of the dungeon, and saw 4 of its levels.

You collected 134 gold pieces.

Inventory:

Hand Weapons
 a - a +2 whip of venom (weapon)
 b - a +0 hunting sling
 p - a +1 vampiric short sword
Missiles
 d - 29 stones (quivered)
 j - 6 curare-tipped darts
 k - 15 sling bullets
Armour
 c - a +0 robe (worn)
 h - a +0 leather armour
 s - a +0 pair of gloves (worn)
 t - a +2 cloak (worn)
Jewellery
 g - an amulet of magic regeneration (around neck)
Scrolls
 i - a scroll of noise {unknown}
 m - a scroll of fog {unknown}
 n - a scroll of amnesia {unknown}
 o - a scroll of blinking {unknown}
 q - a scroll of teleportation {unknown}
 r - a scroll of holy word {unknown}
Potions
 e - a potion of curing
 f - a potion of flight {unknown}
 l - a potion of mutation {unknown}


   Skills:
 + Level 2.2 Fighting
 + Level 0.8 Armour
 - Level 2.0 Dodging
 - Level 2.0 Stealth
 + Level 2.9 Spellcasting
 * Level 5.4 Necromancy


You had one spell level left.
You knew the following spells:

 Your Spells              Type           Power      Damage    Failure   Level
a - Pain                  Necr           80%        1d8       1%          1
b - Vampiric Draining     Necr           10%        2d7       6%          3
c - Animate Dead          Necr           10%        N/A       19%         4

Your spell library contained the following spells:

 Spells                   Type           Power      Damage    Failure   Level
 Animate Skeleton         Necr           40%        N/A       1%          1
 Agony                    Necr           20%        N/A       47%         5


Dungeon Overview and Level Annotations

Branches:
Dungeon (4/15)
 Temple: D:4-7

Altars:

Annotations:
D:4 Grinder


Message History

You shoot a sling bullet. The sling bullet hits Grinder!
Grinder is lightly wounded.
You shoot a sling bullet. The sling bullet hits Grinder.
Grinder is moderately wounded.
Grinder gestures at you.
You suddenly lose the ability to move!
You can move again.
You shoot a sling bullet. The sling bullet barely misses Grinder.
Your +2 whip of venom begins to drip with poison!
a - a +2 whip of venom (weapon)
You throw a stone. The stone barely misses Grinder.
Grinder gestures at you. Pain shoots through your body!
Unknown command.
Grinder hits you.
You writhe in agony.
You hit Grinder.
Grinder is moderately wounded.
Grinder hits you but does no damage.
Grinder says, "FISH!"
Grinder hits you.
You writhe in agony.
You hit Grinder.
Grinder is heavily wounded.
Grinder says, "Tell me all your secrets, or I'll kill you."
Grinder hits you but does no damage.
You hit Grinder.
Grinder is heavily wounded.
Grinder hits you!
* * * LOW HITPOINT WARNING * * *
You writhe in agony.
* * * LOW HITPOINT WARNING * * *
You hit Grinder but do no damage.
Grinder is poisoned.
Grinder is heavily wounded.
Grinder barely misses you.
There is a stone staircase leading up here.
You closely miss Grinder.
Grinder is severely wounded.
Grinder says, "There's only one good use for a tongue: cutting it out."
Grinder gestures at you. Pain shoots through your body!
You die...

.....#
....# ...#
#..# #..#
#..#
#..#####.#
#..5((((.#
##@#######
#.# #.#
#.# #..
###


You could see Grinder (very poisoned).

Vanquished Creatures
  An iguana (D:4)
  A hound skeleton (D:4)
  6 adders
  A worm (D:3)
  2 dart slugs
  5 orcs (D:3)
  5 endoplasms
  A giant cockroach (D:3)
  5 goblins
  6 hobgoblins
  3 jackals (D:2)
  3 quokkas (D:1)
  4 ball pythons
  6 bats
  3 frilled lizards
  8 kobolds
  6 rats
66 creatures vanquished.

Notes
Turn   | Place    | Note
-------+----------+-------------------------------------------
     0 | D:1      | Gwenloh the Human Necromancer began the quest for the Orb.
     0 | D:1      | Reached XP level 1. HP: 13/13 MP: 3/3
   360 | D:1      | Reached XP level 2. HP: 18/20 MP: 3/5
   499 | D:1      | You fall into a shaft and drop 1 floor!
   723 | D:1      | Reached skill level 1 in Fighting
   818 | D:1      | Reached XP level 3. HP: 24/26 MP: 4/6
   822 | D:1      | Learned a level 3 spell: Vampiric Draining
  1588 | D:2      | Found a faded altar of an unknown god.
  1625 | D:2      | Reached XP level 4. HP: 30/32 MP: 4/7
  2288 | D:3      | Reached skill level 5 in Necromancy
  2293 | D:3      | Learned a level 4 spell: Animate Dead
  2389 | D:3      | Reached XP level 5. HP: 35/38 MP: 6/9
  3055 | D:4      | Noticed Grinder
  3064 | D:4      | HP: 1/38 [Grinder/nerve-wracking pain (5)]
  3070 | D:4      | Paralysed by Grinder for 3 turns
  3290 | D:4      | Paralysed by Grinder for 2 turns
  3301 | D:4      | Killed from afar by Grinder

Illustrated notes

Levels and vault maps discovered:
D:1:      dpeg_arrival_stonehenge_8_columns, layout_loops_ring
D:2:      layout_basic, shapermc_ecumenical_altar_mp_ritualfount, serial_glass,
          glass_columns_b, glass_columns_b, item_on_display_a,
          minmay_strange_pillars, item_on_display_a, item_on_display_a
D:3:      layout_loops_ring
D:4:      layout_loops_ring, gammafunk_temple_overflow_pools,
          kennysheep_generic_room_4, uniq_grinder

Skill      XL: |  1  2  3  4  5 |
---------------+----------------+-----
Fighting       | 1 2 |  2.2
Necromancy     | 5 |  5.4
Armour         | |  0.8
Dodging        | |  2.0
Stealth        | |  2.0
Spellcasting   | |  2.9

Action                   |  1- 3 |  4- 6 || total
-------------------------+-------+-------++-------
Melee: Whip              |    14 |    25 ||    39
 Fire: Hunting sling     |    27 |    38 ||    65
Throw: Stone             |     1 |     1 ||     2
 Cast: Pain              |    49 |    58 ||   107
       Vampiric Draining |       |     9 ||     9
  Use: Potion            |       |     1 ||     1
 Stab: Sleeping          |       |     1 ||     1
Armor: Robe              |     4 |    11 ||    15
Dodge: Dodged            |    19 |    19 ||    38

Table legend: (Time is in decaauts)
 A = Elapsed time spent in this place.
 B = Non-inter-level travel time spent in this place.
 C = Inter-level travel time spent in this place.
 D = Time resting spent in this place.
 E = Time spent auto-exploring this place.
 F = Levels seen in this place.
 G = Mean time per level.
                   A        B        C        D        E       F      G
               +--------+--------+--------+--------+--------+-----+--------+
         Total |   3306 |   3230 |     76 |    537 |   2222 |   4 |  826.5 |
       Dungeon |   3306 |   3230 |     76 |    537 |   2222 |   4 |  826.5 |
               +--------+--------+--------+--------+--------+-----+--------+

Top non-repeatable levels by time:
     D:1: 1281 daAuts
     D:3: 1144 daAuts
     D:2: 822 daAuts
     D:4: 57 daAuts
